 Dungeon Crawl Stone Soup version 0.18-a0-1361-g9293dd1 (webtiles) character file.

352 Ratboiler the Skirmisher (level 6, -5/55 HPs)
             Began as a Centaur Wanderer on Feb 20, 2016.
             Slain by a wyvern zombie (11 damage)
             ... on level 3 of the Dungeon.
             The game lasted 00:07:31 (4092 turns).

Ratboiler the Skirmisher (Centaur Wanderer)         Turns: 4092, Time: 00:07:32

Health: -5/55      AC:  4    Str: 14    XL:     6   Next: 35%
Magic:  7/7        EV: 10    Int:  9    God:
Gold:   100        SH:  0    Dex: 13    Spells: 0 memorised, 5 levels left

rFire  . . .     SeeInvis .     b - +0 scythe
rCold  . . .     Gourm    .     e - +0 robe
rNeg   . . .     Faith    .     (shield currently unavailable)
rPois  .         Spirit   .     (no helmet)
rElec  .         Dismiss  .     (no cloak)
rCorr  .         Reflect  .     (no gloves)
SustAt .         Harm     .     (no barding)
MR     .....                    (no amulet)
Stlth  +.........               (no ring)
                                (no ring)

@: very quick, not resistant to hostile enchantments, very unstealthy
A: hooves 3, deformed body, speed 2, tough skin 3
a: no special abilities


You were on level 3 of the Dungeon.
You were not hungry.

You visited 1 branch of the dungeon, and saw 3 of its levels.

You collected 100 gold pieces.

Inventory:

Hand Weapons
 a - a +2 hand crossbow
 b - a +0 scythe (weapon)
 r - a +0 quarterstaff
Missiles
 c - 29 bolts
 g - 35 arrows
Armour
 e - a +0 robe (worn)
Wands
 k - a wand of lightning (7/15)
 p - a wand of random effects (36/48)
Scrolls
 d - 3 scrolls of teleportation
 h - a scroll of fog {unknown}
 i - 2 scrolls of remove curse {unknown}
 m - 2 scrolls of magic mapping {unknown}
 n - 2 scrolls of identify {unknown}
 o - a scroll of enchant weapon {unknown}
 s - a scroll of enchant armour {unknown}
Potions
 q - a potion of flight {unknown}
Comestibles
 f - a bread ration
 j - 2 meat rations


   Skills:
 + Level 4.8 Fighting
 * Level 1.3(1.8) Polearms
 - Level 1.7(2.0) Staves
 - Level 2.1 Crossbows
 + Level 3.1 Armour
 - Level 1.3 Dodging
 - Level 1.7 Evocations


You had 5 spell levels left.
You didn't know any spells.

Dungeon Overview and Level Annotations

Branches:
Dungeon (3/15)

Altars:
Elyvilon


Innate Abilities, Weirdness & Mutations

You have hooves in place of feet.
Armour fits poorly on your strangely shaped body.
You cover ground very quickly.
You have extremely tough skin (AC +3).


Message History

A wyvern zombie comes into view.
Found 10 gold pieces.
No target in view!
No target in view!
Found a spear.
You hit the wyvern zombie. The wyvern zombie barely misses you.
The wyvern zombie bites you!
You are too injured to fight recklessly!
You are too injured to fight recklessly!
You are too injured to fight recklessly!
You are too injured to fight recklessly!
You slash the wyvern zombie! The wyvern zombie bites you!
The wyvern zombie barely misses you. x2
You hit the wyvern zombie. The wyvern zombie bites you! x2
* * * LOW HITPOINT WARNING * * *
You slash the wyvern zombie! The wyvern zombie bites you.
* * * LOW HITPOINT WARNING * * *
The wyvern zombie completely misses you.
The wyvern zombie bites you!
You die...

#.###.##.#
##...####
#.###.##.#
#.....###
#.....##.#
##.......
#..#####.#
##.#####
#..#####.#
#.#
#<.......#
#.#
##.#######
#'# #...#
... #.#@#
... #..Z.#
...
##....#
..... #
..$.... +
##....###
# ..#.##
). ## ...
#'#


You could see a wyvern zombie.

Vanquished Creatures
  Sigmund (D:3)
  An orc wizard (D:3)
  A worker ant zombie (D:3)
  7 adders
  An ooze (D:1)
  5 worms
  2 giant geckos (D:2)
  8 orcs (D:3)
  3 giant cockroaches
  10 hobgoblins
  A quokka (D:3)
  5 bats
  4 giant newts
  3 goblins
  8 kobolds
  8 rats
  A bush (D:1)
69 creatures vanquished.

Notes
Turn   | Place    | Note
--------------------------------------------------------------
     0 | D:1      | Ratboiler the Centaur Wanderer began the quest for the Orb.
     0 | D:1      | Ratboiler set off with: a +2 hand crossbow, 31 bolts, a +0 quarterstaff, a scroll of teleportation, a +0 robe, a bread ration
     0 | D:1      | Reached XP level 1. HP: 17/17 MP: 2/2
   330 | D:1      | Reached XP level 2. HP: 19/25 MP: 3/3
   683 | D:1      | Reached skill level 1 in Armour
  1643 | D:2      | Reached XP level 3. HP: 25/30 MP: 4/4
  1703 | D:2      | Reached skill level 3 in Fighting
  1890 | D:2      | Reached XP level 4. HP: 26/38 MP: 5/5
  2036 | D:2      | Found a white marble altar of Elyvilon.
  2528 | D:3      | Noticed Sigmund
  2588 | D:3      | Killed Sigmund
  2588 | D:3      | Reached skill level 4 in Fighting
  2588 | D:3      | Reached XP level 5. HP: 14/47 MP: 6/6
  3039 | D:3      | Reached XP level 6. HP: 16/53 MP: 7/7
  3630 | D:2      | Reached skill level 1 in Polearms
  4092 | D:3      | Slain by a wyvern zombie

Vault maps used:
D:1:      ncdulo_smallfort, serial_forest, infiniplex_forest_clump_large,
          infiniplex_forest_straight_5, infiniplex_forest_clump_large,
          infiniplex_forest_3_way, infiniplex_forest_corner_1,
          infiniplex_forest_clump_small, infiniplex_forest_lined_ring,
          infiniplex_forest_straight_5, infiniplex_forest_lined_room_2
D:2:      elyvilon_altar_5
D:3:      first_bread, uniq_sigmund

Action                   |  1- 3 |  4- 6 || total
-------------------------+-------+-------++-------
Melee: Quarterstaff      |   181 |    39 ||   220
       Scythe            |       |    82 ||    82
 Fire: Hand crossbow     |     9 |     6 ||    15
Evoke: Wand              |       |     1 ||     1
  Use: Potion            |       |     1 ||     1
  Eat: Chunk             |     2 |     3 ||     5
       Bread ration      |       |     1 ||     1
